[Event "ICC tourney 2396 (75 10)"]
[Site "Internet Chess Club"]
[Date "2021.02.21"]
[Round "6"]
[White "chesslin"]
[Black "rpodder1"]
[Result "0-1"]
[ICCResult "White resigns"]
[WhiteElo "1788"]
[BlackElo "1590"]
[Opening "Queen's pawn, Mason variation"]
[ECO "D00"]
[NIC "QP.08"]
[Time "18:03:05"]
[PlyCount "112"]
[TimeControl "4500+10"]

1. d4 d5 2. Bf4 Nf6 3. e3 e6 4. Nd2 Bd6 5. Bg3 Nbd7 6. Ngf3 O-O 7. Bd3 Re8
8. Ne5 h6 9. f4 c5 10. c3 c4 11. Bc2 a6 12. Qf3 b5 13. a3 Bb7 14. O-O Qc7
15. Rae1 Re7 16. Bh4 Rf8 17. Qh3 Ree8 18. e4 Qb6 19. Nxd7 Nxd7 20. e5 Bc7
21. Kh1 Bd8 22. Bxd8 Qxd8 23. g4 f6 24. exf6 Nxf6 25. g5 Ne4 26. Nxe4 dxe4
27. gxh6 Rf6 28. hxg7 e3+ 29. Kg1 Qd5 30. Qh8+ Kf7 31. Qxe8+ Kxe8 32. g8=Q+
Ke7 33. Qg7+ Kd6 34. Rxe3 Qh1+ 35. Kf2 Rxf4+ 36. Kg3 Qg2+ 37. Kxf4 Qxg7 38.
Rff3 Qf6+ 39. Kg3 Qg5+ 40. Kf2 Bxf3 41. Kxf3 Qh5+ 42. Kg2 a5 43. h3 Qg5+
44. Kf2 Qf4+ 45. Ke2 Qh2+ 46. Kd1 Qg1+ 47. Kd2 Qf2+ 48. Re2 Qf4+ 49. Re3
Qh2+ 50. Kc1 Qf2 51. Re5 b4 52. axb4 axb4 53. Rc5 b3 54. Bd1 Qe3+ 55. Kb1
Qxh3 56. Rxc4 Qd3+ { White resigns } 0-1

[Event "ICC tourney 2396 (75 10)"]
[Site "Internet Chess Club"]
[Date "2021.02.21"]
[Round "6"]
[White "sanjay2000"]
[Black "ScorpianFire7"]
[Result "1-0"]
[ICCResult "Black resigns"]
[WhiteElo "1615"]
[BlackElo "1495"]
[Opening "Giuoco Piano"]
[ECO "C54"]
[NIC "IG.02"]
[Time "18:02:23"]
[PlyCount "47"]
[TimeControl "4500+10"]

1. e4 e5 2. Nf3 Nc6 3. Bc4 Bc5 4. c3 Nf6 5. d4 exd4 6. cxd4 Bb4+ 7. Bd2
Bxd2+ 8. Nbxd2 d5 9. exd5 Nxd5 10. O-O O-O 11. Re1 Nb6 12. Bb3 Nxd4 13.
Nxd4 Qxd4 14. Nf3 Qxb2 15. Re7 Nd7 16. Rb1 Qf6 17. Rxd7 Bxd7 18. Qxd7 Rac8
19. Re1 Rfd8 20. Qe7 Qxe7 21. Rxe7 g6 22. h3 Re8 23. Rxf7 Kh8 24. Ng5 {
Black resigns } 1-0

[Event "ICC tourney 2396 (75 10)"]
[Site "Internet Chess Club"]
[Date "2021.02.21"]
[Round "6"]
[White "BobbyFissure"]
[Black "Yamato1945"]
[Result "1-0"]
[ICCResult "Black resigns"]
[WhiteElo "1504"]
[BlackElo "1510"]
[Opening "Bird's opening: Lasker variation"]
[ECO "A03"]
[NIC "VO.07"]
[Time "18:02:16"]
[PlyCount "38"]
[TimeControl "4500+10"]

1. f4 d5 2. Nf3 Nf6 3. e3 c5 4. d4 cxd4 5. exd4 Nc6 6. c3 Bf5 7. Na3 e6 8.
Nc2 Bd6 9. Bd3 Bg6 10. O-O Qc7 11. Ne5 Qb6 12. Be3 Qxb2 13. Rb1 Qxc3 14.
Bd2 Qxd3 15. Nxd3 Bxd3 16. Rxb7 Bxf1 17. Qxf1 Nd7 18. Qa6 Nb6 19. Rxb6 Nb8
{ Black resigns } 1-0

[Event "ICC tourney 2396 (75 10)"]
[Site "Internet Chess Club"]
[Date "2021.02.21"]
[Round "6"]
[White "wahoo"]
[Black "solveur"]
[Result "0-1"]
[ICCResult "White checkmated"]
[WhiteElo "1653"]
[BlackElo "1560"]
[Opening "Giuoco Piano"]
[ECO "C54"]
[NIC "IG.02"]
[Time "18:02:17"]
[PlyCount "80"]
[TimeControl "4500+10"]

1. e4 e5 2. Nf3 Nc6 3. Bc4 Bc5 4. c3 Nf6 5. d3 d6 6. O-O O-O 7. Nbd2 Ne7 8.
Nb3 Bb6 9. Bg5 Ng6 10. d4 h6 11. Bxf6 Qxf6 12. dxe5 dxe5 13. Re1 Rd8 14.
Qe2 Nf4 15. Qf1 Bg4 16. Nbd2 Rd6 17. Be2 Nxe2+ 18. Rxe2 Rad8 19. h3 Bh5 20.
a4 a5 21. g4 Bg6 22. Kg2 Rd3 23. Rc1 Qf4 24. Rc2 h5 25. g5 h4 26. Qg1 Bh5
27. Kf1 Bxf3 28. Nxf3 Qxf3 29. Re1 Rd2 30. Qg2 Qd3+ 31. Kg1 Qxc2 32. g6
Bxf2+ 33. Kh1 Bc5 34. gxf7+ Kf8 35. Qxg7+ Kxg7 36. f8=Q+ Rxf8 37. Rg1+ Kh6
38. Rg6+ Kh5 39. Rg5+ Kxg5 40. b4 Rf1# { White checkmated } 0-1

[Event "ICC tourney 2396 (75 10)"]
[Site "Internet Chess Club"]
[Date "2021.02.21"]
[Round "6"]
[White "landonp"]
[Black "Zuiopal"]
[Result "1/2-1/2"]
[ICCResult "Game drawn by mutual agreement"]
[WhiteElo "1524"]
[BlackElo "1654"]
[Opening "Caro-Kann: advance variation"]
[ECO "B12"]
[NIC "CK.04"]
[Time "18:02:13"]
[PlyCount "47"]
[TimeControl "4500+10"]

1. e4 c6 2. d4 d5 3. e5 Bf5 4. Nf3 e6 5. Be2 Ne7 6. O-O Nd7 7. Nbd2 c5 8.
c3 Nc6 9. Re1 Be7 10. Nf1 h6 11. Ng3 Bh7 12. Be3 cxd4 13. cxd4 O-O 14. Bd3
Bxd3 15. Qxd3 Qb6 16. a3 Rac8 17. Nh5 Rfe8 18. b4 a6 19. Qd2 Bf8 20. Nxg7
Bxg7 21. Bxh6 Nxd4 22. Bxg7 Nxf3+ 23. gxf3 Kxg7 24. Qg5+ { Game drawn by
mutual agreement } 1/2-1/2

[Event "ICC tourney 2396 (75 10)"]
[Site "Internet Chess Club"]
[Date "2021.02.21"]
[Round "6"]
[White "Shoshonte"]
[Black "NL008"]
[Result "1/2-1/2"]
[ICCResult "Game drawn by repetition"]
[WhiteElo "1626"]
[BlackElo "1541"]
[Opening "Ruy Lopez: Berlin defense"]
[ECO "C65"]
[NIC "RL.07"]
[Time "18:02:24"]
[PlyCount "62"]
[TimeControl "4500+10"]

1. e4 e5 2. Nf3 Nc6 3. Bb5 Nf6 4. d3 Bc5 5. O-O d6 6. Ba4 O-O 7. c3 Be6 8.
h3 Ne7 9. d4 exd4 10. cxd4 Bb6 11. Re1 Ba5 12. Bd2 Bxd2 13. Qxd2 c6 14. Nc3
d5 15. e5 Nd7 16. Rac1 Nb6 17. Bb3 Qd7 18. Ng5 h6 19. Nxe6 fxe6 20. Qd3 Rf7
21. Bc2 g5 22. h4 Raf8 23. hxg5 hxg5 24. Re3 Nf5 25. Rh3 g4 26. Rh5 Rh7 27.
Rg5+ Rg7 28. Rh5 Rh7 29. Rg5+ Rg7 30. Rh5 Rh7 31. Rg5+ Rg7 { Game drawn by
repetition } 1/2-1/2

[Event "ICC tourney 2396 (75 10)"]
[Site "Internet Chess Club"]
[Date "2021.02.21"]
[Round "6"]
[White "JacJac06"]
[Black "yanje03"]
[Result "0-1"]
[ICCResult "White checkmated"]
[WhiteElo "1709"]
[BlackElo "1570"]
[Opening "Sicilian: Alapin's variation (2.c3)"]
[ECO "B22"]
[NIC "SI.46"]
[Time "18:02:12"]
[PlyCount "126"]
[TimeControl "4500+10"]

1. e4 c5 2. c3 Nf6 3. Qc2 e6 4. d4 Nc6 5. Nf3 d5 6. exd5 exd5 7. Bb5 Bd6 8.
Ne5 Qc7 9. f4 O-O 10. Bxc6 bxc6 11. O-O Qb6 12. Be3 Ng4 13. Bf2 Nxf2 14.
Qxf2 cxd4 15. cxd4 c5 16. Nf3 Ba6 17. Rc1 Rac8 18. Nc3 cxd4 19. Nxd5 Qa5
20. Qxd4 Bc5 21. Rxc5 Qxc5 22. Qxc5 Rxc5 23. Rd1 Be2 24. Ne7+ Kh8 25. Rd5
Rxd5 26. Nxd5 Rd8 27. Nb4 Bxf3 28. gxf3 Rd2 29. b3 a5 30. Nc6 Rxa2 31. h4
Kg8 32. b4 axb4 33. Nxb4 Ra4 34. Nd3 Rd4 35. Nf2 Rxf4 36. Kg2 Rxh4 37. Kg3
Ra4 38. f4 h5 39. Nh3 Ra3+ 40. Kh4 g6 41. Ng1 Kg7 42. Ne2 Kh6 43. Ng3 f6
44. Kh3 Rxg3+ 45. Kxg3 g5 46. f5 Kg7 47. Kf3 Kf7 48. Kg3 Ke7 49. Kf3 Kd6
50. Ke4 h4 51. Kf3 Ke5 52. Kg4 Ke4 53. Kh3 Kxf5 54. Kh2 g4 55. Kh1 g3 56.
Kg2 Kg4 57. Kh1 h3 58. Kg1 Kf3 59. Kh1 g2+ 60. Kg1 f5 61. Kh2 Kf2 62. Kxh3
g1=Q 63. Kh4 Qg4# { White checkmated } 0-1

[Event "ICC tourney 2396 (75 10)"]
[Site "Internet Chess Club"]
[Date "2021.02.21"]
[Round "6"]
[White "Abror"]
[Black "yuanbao2007"]
[Result "1-0"]
[ICCResult "Black resigns"]
[WhiteElo "1753"]
[BlackElo "1584"]
[Opening "French: advance, Wade variation"]
[ECO "C02"]
[NIC "FR.03"]
[Time "18:02:13"]
[PlyCount "101"]
[TimeControl "4500+10"]

1. e4 e6 2. d4 d5 3. e5 c5 4. c3 Qb6 5. Nf3 Bd7 6. a3 Bb5 7. Be2 Qa6 8.
Bxb5+ Qxb5 9. b4 cxb4 10. cxb4 Ne7 11. Nc3 Qd7 12. O-O Nbc6 13. Be3 Nf5 14.
Rc1 b6 15. Qa4 Rc8 16. Ne2 Be7 17. Rc2 O-O 18. Rfc1 Bd8 19. Rxc6 Ne7 20. b5
Nxc6 21. bxc6 Qe7 22. Nc3 Bc7 23. Nb5 f6 24. Qxa7 Rf7 25. h3 Qd8 26. Nxc7
Rfxc7 27. Qxb6 Qe8 28. a4 Rxc6 29. Rxc6 Rxc6 30. Qb5 Qa8 31. a5 Ra6 32. Bd2
Qc8 33. Ne1 Kf7 34. Nd3 Ke7 35. Bb4+ Kf7 36. Nc5 Ra7 37. Qb6 Re7 38. a6
fxe5 39. dxe5 d4 40. Kh2 Kg6 41. Nb7 d3 42. Qd4 Rd7 43. Qe4+ Kf7 44. Nd6+
Rxd6 45. exd6 Qxa6 46. d7 Qb6 47. Qf4+ Kg6 48. Qg4+ Kf7 49. Qh5+ Kf6 50.
Bc3+ Ke7 51. Qe8+ { Black resigns } 1-0

[Event "ICC tourney 2396 (75 10)"]
[Site "Internet Chess Club"]
[Date "2021.02.21"]
[Round "6"]
[White "kgeisenman32"]
[Black "IveDoneEnough"]
[Result "0-1"]
[ICCResult "White checkmated"]
[WhiteElo "1557"]
[BlackElo "1584"]
[Opening "King's Indian: Smyslov system"]
[ECO "E61"]
[NIC "KI.76"]
[Time "18:02:12"]
[PlyCount "102"]
[TimeControl "4500+10"]

1. d4 Nf6 2. c4 g6 3. Nf3 Bg7 4. Nc3 d6 5. Bg5 O-O 6. e3 c5 7. Be2 b6 8.
O-O Bb7 9. Rc1 Ne4 10. Nxe4 Bxe4 11. Bd3 Bxd3 12. Qxd3 h6 13. Bh4 Nc6 14.
a3 g5 15. Bg3 e5 16. d5 Ne7 17. Nd2 f5 18. f3 f4 19. Bf2 fxe3 20. Bxe3 Nf5
21. Ne4 Nd4 22. Bxd4 exd4 23. b3 Qd7 24. Rce1 Rab8 25. a4 a6 26. Re2 Be5
27. Ra2 g4 28. Raf2 Bf4 29. Re2 Be3+ 30. Rxe3 dxe3 31. Qxe3 Kh7 32. Qd3 Kg7
33. Qc3+ Kg6 34. Qd3 Qf5 35. fxg4 Qxf1+ 36. Qxf1 Rxf1+ 37. Kxf1 Re8 38.
Nxd6 Re3 39. Nc8 Kf7 40. Nxb6 Ke7 41. a5 Rxb3 42. Na4 Kd6 43. h4 Ra3 44.
Nb2 Ra1+ 45. Kf2 Ra2 46. Kf3 Rxb2 47. g5 hxg5 48. hxg5 Ke5 49. Kg4 Rxg2+
50. Kh5 Kf5 51. d6 Rh2# { White checkmated } 0-1

[Event "ICC tourney 2396 (75 10)"]
[Site "Internet Chess Club"]
[Date "2021.02.21"]
[Round "6"]
[White "shrey16ultimate"]
[Black "Pugnacious"]
[Result "1-0"]
[ICCResult "Black resigns"]
[WhiteElo "1600"]
[BlackElo "1671"]
[Opening "Queen's pawn: London system"]
[ECO "A45"]
[NIC "QP.07"]
[Time "18:02:19"]
[PlyCount "63"]
[TimeControl "4500+10"]

1. d4 Nf6 2. Bf4 d5 3. e3 c5 4. c3 Qb6 5. Qb3 c4 6. Qc2 Nc6 7. Nd2 g6 8. e4
e6 9. e5 Nd7 10. Ngf3 Bg7 11. Be2 O-O 12. h4 Qd8 13. h5 Ne7 14. Ng5 Nf5 15.
g4 Bh6 16. Ndf3 Bxg5 17. Bxg5 Ne7 18. Bf6 Nxf6 19. exf6 Nc6 20. g5 e5 21.
dxe5 Bf5 22. Qd2 Re8 23. Qf4 Qc7 24. hxg6 fxg6 25. O-O-O Rad8 26. Rh4 Nxe5
27. f7+ Qxf7 28. Nxe5 Rxe5 29. Qxe5 Re8 30. Qxd5 Rxe2 31. Qd8+ Kg7 32.
Rxh7+ { Black resigns } 1-0

[Event "ICC tourney 2396 (75 10)"]
[Site "Internet Chess Club"]
[Date "2021.02.21"]
[Round "6"]
[White "Mulan2009"]
[Black "Ryan123455"]
[Result "0-1"]
[ICCResult "White resigns"]
[WhiteElo "1680"]
[BlackElo "1622"]
[Opening "Sicilian: Najdorf"]
[ECO "B90"]
[NIC "SI.14"]
[Time "18:02:40"]
[PlyCount "74"]
[TimeControl "4500+10"]

1. e4 c5 2. Nf3 d6 3. d4 cxd4 4. Nxd4 Nf6 5. Nc3 a6 6. f3 e5 7. Nb3 Be6 8.
Be3 Be7 9. Qd2 O-O 10. Nd5 Bxd5 11. exd5 b5 12. O-O-O Nbd7 13. Na5 Qc7 14.
Nc6 Rfe8 15. f4 exf4 16. Bxf4 Nb6 17. Nxe7+ Rxe7 18. g3 Nfxd5 19. Bg2 Rc8
20. Bg5 Re5 21. Bf4 Nc4 22. Qf2 Nxf4 23. gxf4 Rc5 24. b4 Rh5 25. Bf3 Na3
26. Rd2 Qc3 27. Kd1 Qa1+ 28. Ke2 Re8+ 29. Kd3 Qxa2 30. Qd4 Rh3 31. Rf1 Nc4
32. Re2 Rxe2 33. Kxe2 Qxc2+ 34. Ke1 Rxh2 35. Rg1 Qb1+ 36. Qd1 Qxb4+ 37. Qd2
Qxd2+ { White resigns } 0-1

[Event "ICC tourney 2396 (75 10)"]
[Site "Internet Chess Club"]
[Date "2021.02.21"]
[Round "6"]
[White "StevChess01"]
[Black "Niteshc"]
[Result "1-0"]
[ICCResult "Black checkmated"]
[WhiteElo "1661"]
[BlackElo "1690"]
[Opening "King's Indian: Sämisch, 5...O-O"]
[ECO "E81"]
[NIC "KI.48"]
[Time "18:02:17"]
[PlyCount "99"]
[TimeControl "4500+10"]

1. d4 Nf6 2. c4 g6 3. f3 Bg7 4. e4 O-O 5. Nc3 d6 6. Be3 Nbd7 7. Qd2 e5 8.
Nge2 Ne8 9. d5 a5 10. Nc1 f5 11. Nd3 f4 12. Bf2 b6 13. O-O-O Nc5 14. Kb1
Ba6 15. b3 Ra7 16. Be2 Nf6 17. Kb2 Nfd7 18. Nc1 Nb8 19. a3 Qe8 20. Qc2 c6
21. b4 axb4 22. axb4 Ncd7 23. dxc6 Nxc6 24. b5 Nd4 25. Qa4 Nc5 26. Qa3 Qd7
27. bxa6 Rxa6 28. Qb4 Rfa8 29. Bd3 Bf8 30. Bxd4 exd4 31. Nd5 Nxd3+ 32. Rxd3
Qa7 33. Qb3 Ra1 34. Rhd1 b5 35. cxb5 Kh8 36. b6 Qb7 37. Ne2 Qa6 38. Nb4 Qa5
39. b7 Qa2+ 40. Nxa2 R8xa2+ 41. Qxa2 Rxa2+ 42. Kxa2 d5 43. b8=Q Kg7 44.
Qe5+ Kh6 45. Qxf4+ Kh5 46. g4+ Kh4 47. Qxf8 Kh3 48. Qh6+ Kg2 49. Nf4+ Kf2
50. Qh4# { Black checkmated } 1-0

[Event "ICC tourney 2396 (75 10)"]
[Site "Internet Chess Club"]
[Date "2021.02.21"]
[Round "6"]
[White "MikeWMason"]
[Black "SuperBlueSky"]
[Result "0-1"]
[ICCResult "White resigns"]
[WhiteElo "1664"]
[BlackElo "1585"]
[Opening "Giuoco Piano"]
[ECO "C50"]
[NIC "IG.02"]
[Time "18:02:20"]
[PlyCount "56"]
[TimeControl "4500+10"]

1. e4 e5 2. Nf3 Nc6 3. Bc4 Bc5 4. d4 exd4 5. c3 d6 6. cxd4 Bb4+ 7. Bd2
Bxd2+ 8. Nbxd2 Nf6 9. O-O O-O 10. Rc1 d5 11. exd5 Nxd5 12. Ne5 Nce7 13. Qf3
c6 14. a3 Bf5 15. Bxd5 Qxd5 16. Qf4 f6 17. Nef3 Qd7 18. Nc4 Rad8 19. Ne3
Bg6 20. b4 Nd5 21. Nxd5 Qxd5 22. Rc5 Qd6 23. Qxd6 Rxd6 24. b5 Bd3 25. Rfc1
Bxb5 26. d5 Rfd8 27. Nd4 Rxd5 28. Rxd5 Rxd5 { White resigns } 0-1

[Event "ICC tourney 2396 (75 10)"]
[Site "Internet Chess Club"]
[Date "2021.02.21"]
[Round "6"]
[White "sushivishwa"]
[Black "trucker"]
[Result "1/2-1/2"]
[ICCResult "Game drawn by mutual agreement"]
[WhiteElo "1750"]
[BlackElo "1640"]
[Opening "Giuoco Piano: Anderssen variation"]
[ECO "C54"]
[NIC "IG.02"]
[Time "18:02:21"]
[PlyCount "94"]
[TimeControl "4500+10"]

1. e4 e5 2. Nf3 Nc6 3. Bc4 Bc5 4. c3 Nf6 5. d4 exd4 6. e5 d5 7. Bb5 Ne4 8.
cxd4 Bb4+ 9. Bd2 Qe7 10. O-O O-O 11. Nc3 Bxc3 12. Bxc3 Bg4 13. Be2 Nd8 14.
Nd2 Bxe2 15. Qxe2 Nxc3 16. bxc3 c5 17. f4 cxd4 18. cxd4 Rc8 19. Nb3 Qb4 20.
f5 Nc6 21. Rad1 a5 22. Qe3 f6 23. Rf4 a4 24. Nc1 Rfe8 25. Qf3 fxe5 26.
Qxd5+ Kh8 27. Rg4 Nxd4 28. h3 Rxc1 29. Rxc1 Qd2 30. Rxd4 Qxd4+ 31. Qxd4
exd4 32. Kf2 Kg8 33. Rc4 d3 34. Rxa4 b5 35. Ra3 Re2+ 36. Kf1 b4 37. Rxd3
Rxa2 38. Rb3 Kf7 39. Rxb4 Kf6 40. Rb5 h5 41. h4 g5 42. fxg6 Kxg6 43. Rg5+
Kh6 44. Kg1 Ra4 45. g3 Ra2 46. Rf5 Kg6 47. Rb5 Rc2 { Game drawn by mutual
agreement } 1/2-1/2

[Event "ICC tourney 2396 (75 10)"]
[Site "Internet Chess Club"]
[Date "2021.02.21"]
[Round "6"]
[White "Vinny773175"]
[Black "Ananya22609"]
[Result "1-0"]
[ICCResult "Black checkmated"]
[WhiteElo "1763"]
[BlackElo "1595"]
[Opening "Sicilian: Najdorf, Lipnitzky attack"]
[ECO "B86"]
[NIC "SI.13"]
[Time "18:02:14"]
[PlyCount "211"]
[TimeControl "4500+10"]

1. e4 c5 2. Nf3 d6 3. d4 cxd4 4. Nxd4 Nf6 5. Nc3 a6 6. Bc4 e6 7. Be3 Be7 8.
O-O O-O 9. a3 b5 10. Bd3 Bb7 11. Kh1 Nbd7 12. f4 Nc5 13. Qf3 Rc8 14. Rae1
Qd7 15. Bg1 Nxd3 16. Qxd3 d5 17. e5 Ne4 18. Nxe4 dxe4 19. Qg3 Bc5 20. c3
Bxd4 21. Bxd4 Bd5 22. f5 Kh8 23. Re3 Qd8 24. f6 Rg8 25. Qh4 g5 26. Qh5 Rg6
27. Rg3 Qg8 28. Be3 Bc4 29. Re1 Rd8 30. Bxg5 Rd3 31. Bf4 Rdxg3 32. hxg3 Bd5
33. Qe2 Qa8 34. Qe3 Qf8 35. Kg1 Qc8 36. Kf2 Qc4 37. Bh6 Qd3 38. Bf4 Qxe3+
39. Kxe3 Rg8 40. Rd1 Rc8 41. Rd4 a5 42. a4 bxa4 43. Rxa4 Rb8 44. Rxa5 Rxb2
45. Rc5 Rb8 46. c4 Ba8 47. Rc7 Kg8 48. c5 Rb3+ 49. Kd2 Rd3+ 50. Ke2 Rd8 51.
c6 h5 52. Rd7 Rc8 53. c7 Bb7 54. Rd8+ Kh7 55. Rxc8 Bxc8 56. Ke3 Bb7 57. Kd4
Kg6 58. Kc5 Kf5 59. Kd6 h4 60. Ke7 hxg3 61. Bxg3 Kg6 62. Bf4 Bc8 63. Kd8
Ba6 64. c8=Q Bxc8 65. Kxc8 Kf5 66. g3 e3 67. Bxe3 Kxe5 68. Bg5 Kf5 69. Bh4
Kg4 70. Kd7 e5 71. Ke7 e4 72. Kxf7 e3 73. Kg7 e2 74. f7 e1=Q 75. f8=Q Qe5+
76. Qf6 Qc7+ 77. Kg6 Qc2+ 78. Kf7 Qc7+ 79. Qe7 Qc4+ 80. Qe6+ Qxe6+ 81. Kxe6
Kh5 82. Kf5 Kh6 83. Bg5+ Kg7 84. g4 Kg8 85. Kg6 Kf8 86. Bh6+ Kg8 87. g5 Kh8
88. Bg7+ Kg8 89. Be5 Kf8 90. Kh7 Kf7 91. g6+ Ke6 92. Ba1 Kf5 93. g7 Ke4 94.
g8=Q Ke3 95. Qe6+ Kd3 96. Qd5+ Kc2 97. Qc4+ Kb1 98. Qf1+ Ka2 99. Bf6 Kb3
100. Qc1 Kb4 101. Qc3+ Ka4 102. Qb2 Ka5 103. Bd8+ Ka4 104. Be7 Ka5 105. Bc5
Ka4 106. Qb4# { Black checkmated } 1-0

[Event "ICC tourney 2396 (75 10)"]
[Site "Internet Chess Club"]
[Date "2021.02.21"]
[Round "6"]
[White "Chessnaught"]
[Black "muzikmixer"]
[Result "1-0"]
[ICCResult "Black resigns"]
[WhiteElo "1527"]
[BlackElo "1579"]
[Opening "Pirc: Ufimtsev-Pytel variation"]
[ECO "B07"]
[NIC "PU.08"]
[Time "18:02:28"]
[PlyCount "77"]
[TimeControl "4500+10"]

1. d4 d6 2. e4 Nf6 3. Nc3 c6 4. Nf3 Bg4 5. Bf4 e6 6. Be2 Bxf3 7. Bxf3 d5 8.
O-O a6 9. Re1 Be7 10. Qd3 O-O 11. e5 Nfd7 12. Ne2 b5 13. a3 c5 14. c3 Nc6
15. Bd2 cxd4 16. cxd4 Qb6 17. Be3 Rfc8 18. Ng3 Qd8 19. Be2 Bh4 20. f4 Ne7
21. Rf1 g6 22. Bd1 Nf5 23. Nxf5 exf5 24. Bf3 Nb6 25. b3 Be7 26. g4 fxg4 27.
Bxg4 Rc6 28. f5 b4 29. e6 f6 30. fxg6 Rc3 31. gxh7+ Kh8 32. Qd2 Rxb3 33.
Qf2 Nc4 34. Bh6 Qb6 35. Kh1 Nd6 36. Rg1 Ne4 37. Qf5 Rb2 38. Be2 Ng5 39.
Rxg5 { Black resigns } 1-0

[Event "ICC tourney 2396 (75 10)"]
[Site "Internet Chess Club"]
[Date "2021.02.21"]
[Round "6"]
[White "PvzGuy13"]
[Black "ruitang"]
[Result "1-0"]
[ICCResult "Black resigns"]
[WhiteElo "1691"]
[BlackElo "1598"]
[Opening "Grünfeld: exchange, Spassky variation"]
[ECO "D87"]
[NIC "GI.05"]
[Time "18:03:05"]
[PlyCount "115"]
[TimeControl "4500+10"]

1. d4 Nf6 2. c4 g6 3. Nc3 d5 4. cxd5 Nxd5 5. e4 Nxc3 6. bxc3 Bg7 7. Bc4 c5
8. Ne2 O-O 9. O-O Nc6 10. Be3 Qc7 11. Rc1 Rd8 12. Qc2 Na5 13. Bb3 c4 14.
Ba4 a6 15. Qb2 b5 16. Bc2 e6 17. e5 Bb7 18. Ng3 Nc6 19. Bg5 Rd7 20. Ne4 Ne7
21. f3 Nd5 22. Bb1 h6 23. Bf6 Bxf6 24. exf6 Qd8 25. Qd2 Kh7 26. h4 Nxf6 27.
Nc5 Rc7 28. Nxb7 Rxb7 29. h5 Rd7 30. hxg6+ fxg6 31. Rce1 Qe7 32. Re5 Rd5
33. Rfe1 Rxe5 34. Rxe5 Rd8 35. Qc2 Rg8 36. a4 Nd7 37. Re2 Nb6 38. axb5 axb5
39. Qe4 Na4 40. Re3 Qd7 41. Qg4 Qf7 42. Qh5 Nb2 43. Qxb5 Qf4 44. Qb7+ Rg7
45. Qe4 Qxe4 46. Rxe4 Rb7 47. Rxe6 Nd3 48. Bxd3 cxd3 49. Re1 Rb3 50. Kf2
Rxc3 51. Ke3 Rc2 52. Kxd3 Rxg2 53. d5 Rf2 54. d6 Rxf3+ 55. Kd4 Rf8 56. Re7+
Kg8 57. d7 Rf4+ 58. Ke3 { Black resigns } 1-0

[Event "ICC tourney 2396 (75 10)"]
[Site "Internet Chess Club"]
[Date "2021.02.21"]
[Round "6"]
[White "fireheart"]
[Black "Artemio3"]
[Result "1-0"]
[ICCResult "Black resigns"]
[WhiteElo "1608"]
[BlackElo "1721"]
[Opening "French: Winawer (Nimzovich) variation"]
[ECO "C15"]
[NIC "FR.08"]
[Time "18:03:05"]
[PlyCount "61"]
[TimeControl "4500+10"]

1. e4 e6 2. d4 d5 3. Nc3 Bb4 4. exd5 exd5 5. Bd3 Nf6 6. Bg5 c6 7. Ne2 O-O
8. O-O h6 9. Bh4 Bd6 10. Qd2 Nbd7 11. Ng3 Qc7 12. Kh1 Bf4 13. Qd1 g5 14.
Bxg5 hxg5 15. Nf5 Nb6 16. g3 Bxf5 17. Bxf5 Kg7 18. gxf4 Qxf4 19. Qd3 Rh8
20. h3 Ng4 21. Bxg4 Qxg4 22. Kh2 Rh5 23. f4 Rah8 24. Rf3 Qe6 25. Rg1 f6 26.
fxg5 Qd6+ 27. Kh1 Rxg5 28. Rxg5+ fxg5 29. Qf5 Qg6 30. Qe5+ Kh7 31. Qe7+ {
Black resigns } 1-0

[Event "ICC tourney 2396 (75 10)"]
[Site "Internet Chess Club"]
[Date "2021.02.21"]
[Round "6"]
[White "edwinthomas"]
[Black "abelMZ084"]
[Result "1-0"]
[ICCResult "Black resigns"]
[WhiteElo "1527"]
[BlackElo "1667"]
[Opening "Giuoco Pianissimo: Canal variation"]
[ECO "C50"]
[NIC "IG.02"]
[Time "18:02:14"]
[PlyCount "113"]
[TimeControl "4500+10"]

1. e4 e5 2. Nf3 Nc6 3. Bc4 Bc5 4. Nc3 Nf6 5. d3 d6 6. Bg5 h6 7. Bxf6 Qxf6
8. Nd5 Qd8 9. c3 O-O 10. Qd2 Kh8 11. h3 f5 12. b4 Bb6 13. O-O fxe4 14. dxe4
Bxh3 15. Qd3 Bg4 16. Nh2 Qh4 17. Nxg4 Qxg4 18. Rae1 Qh4 19. Re2 Ne7 20. a4
Nxd5 21. Qxd5 c6 22. Qxd6 Rad8 23. Qxe5 Rde8 24. Qh2 Rxe4 25. Qxh4 Rxh4 26.
Ba2 Rhf4 27. a5 Bd8 28. Rd1 Bf6 29. Rd3 b6 30. Be6 Bd8 31. a6 b5 32. f3 Re8
33. Kf1 Bb6 34. Rd6 Rh4 35. Bh3 Rc8 36. Ree6 Rc4 37. Re4 Rxe4 38. fxe4 Rf8+
39. Ke2 c5 40. Rd5 cxb4 41. cxb4 Rf2+ 42. Kd3 Ra2 43. Rxb5 Rxa6 44. Re5 g5
45. Re7 h5 46. Bf5 h4 47. Kc4 Ra2 48. Bh3 Rc2+ 49. Kb3 Re2 50. e5 Re3+ 51.
Ka4 Kg8 52. e6 Kf8 53. Rh7 Rg3 54. e7+ Ke8 55. Bf5 Re3 56. Bg6+ Kd7 57.
e8=Q+ { Black resigns } 1-0

[Event "ICC tourney 2396 (75 10)"]
[Site "Internet Chess Club"]
[Date "2021.02.21"]
[Round "6"]
[White "Mpugachev"]
[Black "kittycat35"]
[Result "1/2-1/2"]
[ICCResult "Game drawn by mutual agreement"]
[WhiteElo "1630"]
[BlackElo "1725"]
[Opening "Bishop's opening: Berlin defense"]
[ECO "C24"]
[NIC "IG.04"]
[Time "18:02:14"]
[PlyCount "161"]
[TimeControl "4500+10"]

1. e4 e5 2. Bc4 Nf6 3. d3 Nc6 4. a3 Bc5 5. Nf3 d6 6. h3 h6 7. Be3 Bb6 8.
Nc3 Be6 9. Bxe6 fxe6 10. Bxb6 axb6 11. d4 exd4 12. Nxd4 Nxd4 13. Qxd4 O-O
14. O-O-O Nh5 15. g3 Kh8 16. Qe3 e5 17. Rd3 Qd7 18. Ne2 Qf7 19. Rf1 Qe6 20.
g4 Nf4 21. Nxf4 Rxf4 22. Kb1 Raf8 23. Qe2 Qf6 24. f3 Qh4 25. Qg2 Rd8 26.
Kc1 Qg5 27. Kd1 b5 28. Ke2 Kg8 29. Qf2 Qe7 30. Rc3 d5 31. Qc5 Qg5 32. exd5
e4 33. fxe4 Rxe4+ 34. Re3 Rc4 35. Qe7 Qxd5 36. Qe6+ Qxe6 37. Rxe6 Rxc2+ 38.
Ke3 Rxb2 39. Re7 Rf8 40. Rd1 Rb3+ 41. Ke2 Rb2+ 42. Ke1 Rbf2 43. Rdd7 R2f7
44. Rxc7 Rxe7+ 45. Rxe7 Rf3 46. Rxb7 Rb3 47. h4 Rxa3 48. Rxb5 Ra4 49. g5
Rxh4 50. gxh6 Rxh6 51. Kf2 Rf6+ 52. Kg3 Kh7 53. Rb7 Kg6 54. Kg4 Ra6 55. Rb4
Kh6 56. Kh4 g6 57. Kg4 Ra1 58. Rb6 Rg1+ 59. Kh4 Rd1 60. Kg4 Rd4+ 61. Kg3
Kh5 62. Rb5+ g5 63. Rb3 Rd1 64. Re3 Rg1+ 65. Kh3 Rf1 66. Kg3 Rb1 67. Kh3
Rg1 68. Kh2 Rf1 69. Kh3 Rf2 70. Kg3 Rd2 71. Kh3 Rd1 72. Kg3 Ra1 73. Kh3 Ra5
74. Kg3 g4 75. Rc3 Kg5 76. Rb3 Kf5 77. Rc3 Rb5 78. Rd3 Rb4 79. Ra3 Ke5 80.
Ra5+ Kf6 81. Rc5 { Game drawn by mutual agreement } 1/2-1/2